Map: Iron Fortress LE (Void)

Players

IlIIlIlIlIIl

  • Race: Terran Terran
  • League: Grandmaster

Mistral

  • Race: Terran Terran
  • League: Grandmaster

VOD

Have the link to the VOD?

Description

Time

  • Played on: June 12, 2015, 5:13 a.m.
  • Length: 5:19
Show
View Real Time Build Order
Export as new Build Order

IlIIlIlIlIIl Terran 

Build Orders: Command Center First (CC) 

Get SALT Encoding   

  12  0:02  SCV  
  13  0:14  SCV  
  14  0:26  Supply Depot  
  14  0:28  SCV  
  15  0:48  SCV  
  16  1:00  Command Center  
  16  1:14  Barracks  
  16  1:17  SCV  
  17  1:32  SCV  
  18  1:38  Refinery  
  18  1:46  SCV  
  19  1:53  Barracks  
  19  2:09  Marine  
  19  2:13  Orbital Command  
  19  2:14  Refinery  
  20  2:20  Orbital Command  
  20  2:32  Marine  
  21  2:46  SCV x2  
  21  2:50  Barracks Tech Lab  
  21  2:51  Marine  
  24  2:53  Supply Depot  
  24  2:58  SCV  
  24  3:04  Supply Depot  
  25  3:07  SCV  
  25  3:10  Barracks Reactor  
  25  3:11  Marine  
  25  3:12  Stimpack  
  27  3:16  SCV  
  28  3:27  SCV  
  28  3:32  Engineering Bay  
  29  3:46  Factory  
  28  3:49  SCV  
  28  3:50  SCV  
  28  3:55  Refinery  
  30  3:56  Refinery  
  30  3:59  Marine x2  
  30  4:00  Supply Depot, Marine  
  30  4:02  Supply Depot, SCV  
  34  4:09  SCV  
  35  4:20  SCV  
  36  4:29  Missile Turret  
  36  4:34  Missile Turret  
  36  4:35  SCV x2  
  36  4:36  Marine x3  
  41  4:40  Factory Tech Lab  
  41  4:46  Factory Reactor, Starport  
  41  4:48  SCV x2  
  43  5:05  SCV x2  
  48  5:16  Armory  
  48  5:19  Engineering Bay  
Show
View Real Time Build Order
Export as new Build Order

Mistral Terran 

Build Orders:  

Get SALT Encoding   

  12  0:03  SCV  
  13  0:18  SCV  
  14  0:26  Refinery  
  14  0:30  SCV  
  14  0:34  Supply Depot  
  15  0:55  SCV  
  16  1:05  Barracks  
  16  1:21  SCV  
  17  1:33  SCV  
  17  1:36  Engineering Bay  
  18  1:50  SCV  
  18  1:53  Supply Depot  
  19  2:02  SCV  
  19  2:03  Bunker  
  20  2:35  Reaper  
  21  2:40  SCV  
  22  2:52  SCV  
  23  3:04  Supply Depot  
  23  3:05  SCV  
  24  3:07  Reaper  
  25  3:14  Refinery  
  25  3:17  SCV  
  26  3:39  Reaper  
  27  4:01  Missile Turret  
  27  4:11  Reaper  
  28  4:29  Barracks  
  28  4:44  Reaper  
Tags
 
Add a new tag
Caveats
  • Supply blocks, unpowered buildings, or Contaminate may cause inaccurate times.
  • Supply counts are checked every 10 seconds.